 Dungeon Crawl Stone Soup version 0.19-a0-593-gf2cdb02 (webtiles) character file.

1743 esc the Slasher (level 8, -12/73 HPs)
             Began as a Minotaur Gladiator on June 10, 2016.
             Was a Believer of Elyvilon.
             Killed by divine providence
             ... invoked by Pikel the meliai
              (14 damage)
             ... on level 6 of the Dungeon.
             The game lasted 00:15:44 (4688 turns).

esc the Slasher (Minotaur Gladiator)                Turns: 4688, Time: 00:15:46

Health: -12/73     AC:  7    Str: 24    XL:     8   Next: 77%
Magic:  7/8        EV: 16    Int:  5    God:    Elyvilon [**....]
Gold:   335        SH:  0    Dex: 13    Spells: 0 memorised, 7 levels left

rFire  . . .     SeeInvis .     a - +1 long sword
rCold  . . .     Gourm    .     p - +1 robe of Xeky {rPois Str+4} (curse)
rNeg   . . .     Faith    .     (no shield)
rPois  +         Spirit   .     c - +0 hat
rElec  .         Dismiss  .     z - +1 cloak
rCorr  .         Reflect  .     j - +0 pair of gloves
SustAt .         Harm     .     (no boots)
MR     .....                    r - amulet of regeneration {+regen, !d}
Stlth  +.........               (no ring)
                                (no ring)

@: very slightly contaminated, not resistant to hostile enchantments, very
unstealthy
A: retaliatory headbutt, horns 2
a: Lesser Healing, Heal Other, Divine Protection, Renounce Religion


You were on level 6 of the Dungeon.
You worshipped Elyvilon.
Elyvilon was pleased with you.
You were not hungry.

You visited 1 branch of the dungeon, and saw 6 of its levels.

You collected 335 gold pieces.

Inventory:

Hand Weapons
 a - a +1 long sword (weapon)
 v - a +0 blowgun
   (You took it off a kobold on level 3 of the Dungeon)
Missiles
 d - 3 throwing nets {=f, !d}
 e - 125 stones (quivered)
 w - 11 poisoned needles
Armour
 b - a +0 leather armour
 c - a +0 hat (worn)
 j - a +0 pair of gloves (worn)
   (You found it on level 1 of the Dungeon)
 p - the cursed +1 robe of Xeky (worn) {rPois Str+4}
   (You found it on level 4 of the Dungeon)

   It affects your strength (+4).
   It protects you from poison.
   It has a curse placed upon it.
 y - a +1 scale mail of poison resistance
   (You took it off an orc on level 5 of the Dungeon)
 z - a +1 cloak (worn)
   (You found it on level 4 of the Dungeon)
Jewellery
 r - an amulet of regeneration (around neck) {+regen, !d}
   (You found it on level 3 of the Dungeon)
 s - an uncursed amulet of guardian spirit {Spirit}
   (You found it on level 4 of the Dungeon)
Wands
 k - a wand of flame (39/48)
   (You found it on level 4 of the Dungeon)
 u - a wand of random effects (14/48)
   (You took it off Edmund on level 6 of the Dungeon)
 D - a wand of confusion (31/48)
   (You found it on level 6 of the Dungeon)
 E - a wand of polymorph (10/24)
   (You found it on level 6 of the Dungeon)
Scrolls
 i - a scroll of fear
 l - 2 scrolls of enchant weapon
 m - a scroll of amnesia
 x - 3 scrolls of remove curse
 C - a scroll of identify
 F - a scroll of fog
Potions
 h - a potion of curing
 A - a potion of heal wounds
Books
 q - a book of Battle
   (You found it on level 2 of the Dungeon)
Comestibles
 f - 5 bread rations {@e1}
 g - 8 meat rations {@e2}
 n - 11 chunks of flesh {@w0}
 o - 2 slices of pizza
 t - 4 beef jerkies
 B - 3 fruits


   Skills:
 + Level 7.2 Fighting
 + Level 7.3 Long Blades
 - Level 2.0 Throwing
 + Level 6.7 Armour
 + Level 6.7 Dodging
 + Level 1.7 Invocations


You had 7 spell levels left.
You didn't know any spells.

Dungeon Overview and Level Annotations

Branches:
Dungeon (6/15)             Temple (0/1) D:4

Altars:
Ashenzari
Cheibriados
Dithmenos
Elyvilon
Kikubaaqudgha
Okawaru
Ru
Sif Muna
Vehumet

Annotations:
D:6 Pikel


Innate Abilities, Weirdness & Mutations

You reflexively headbutt those who attack you in melee.
You have a pair of horns on your head.


Message History

The worker ant bites you but does no damage.
You closely miss the worker ant. The worker ant barely misses you.
You furiously retaliate!
You headbutt the worker ant. You slash the worker ant!
You kill the worker ant!
No target in view!
No target in view!
e - 125 stones (gained 10)
A worker ant comes into view.
You hit the worker ant. You headbutt the worker ant!
You kill the worker ant!
No target in view!
No target in view!
You see here a worker ant corpse.
You butcher the worker ant corpse.
n - 13 chunks of flesh {@w0} (gained 3) Some of the chunks of flesh in your inventory have rotted away.
F - a scroll of fog A worker ant, a slave and Pikel come into view.
Pikel is wielding a whip of freezing.
The slave shouts!
The worker ant moves out of view.
A slave comes into view.
A shadow imp comes into view.
Okay, then.
Aim: Pikel, wielding a whip of freezing and wearing a robe (chance to defeat MR: 46%) Pikel evaporates and reforms as a meliai!
Evoking this partially-identified wand wasted a few charges.
The worker ant twitches its antennae in your direction.
The shadow imp shouts, "Slither home, thou tottering ill-breeding boar-pig!"
Pikel picks up a whip of freezing.
Pikel wields a whip of freezing.
It glows with a cold blue light!
A slave comes into view.
A slave comes into view.
The slave shouts!
Pikel says, "I just want to get paid!"
Pikel mumbles some strange prayers to its god against you.
Something smites you!
You take 14 damage, and have 59/73 hp.
Okay, then.
Okay, then.
Here: Pikel the meliai, wielding a whip of freezing The floor.
Okay, then.
Okay, then.
Okay, then.
Okay, then.
Okay, then.
Okay, then.
The slave shouts!
The slave closely misses you.
A centaur zombie comes into view.
You hit the slave. You headbutt the slave. The slave hits you.
Pikel invokes the aid of its god against you.
Something smites you!
You take 17 damage, and have 43/73 hp.
MASSIVE DAMAGE!!
You are healed.
You feel somewhat more hungry. The slave misses you. You furiously retaliate!
You headbutt the slave.
You regained 4 hp, and now have 47/73 hp.
You now have 7/8 mp.
You hit the slave. Your headbutt misses the slave.
The slave completely misses you.
You slash the slave! Your headbutt misses the slave.
The slave closely misses you. You furiously retaliate!
You headbutt the slave. You closely miss the slave.
Your headbutt misses the slave. The slave misses you. You furiously retaliate!
You headbutt the slave!
You kill the slave!
That felt strangely unrewarding.
You closely miss Pikel. Your headbutt misses Pikel.
Pikel hits you with a whip of freezing. Pikel freezes you.
Pikel stings you but does no damage. Pikel barely misses you. x2
You take 6 damage, and have 43/73 hp.
You hit Pikel. Your headbutt misses Pikel. Pikel barely misses you.
You furiously retaliate!
You headbutt Pikel. Pikel stings you.
Pikel calls down the wrath of its god upon you.
Something smites you!
You take 17 damage, and have 26/73 hp.
MASSIVE DAMAGE!!
You closely miss Pikel. Pikel hits you with a whip of freezing!
* * * LOW HITPOINT WARNING * * *
Pikel freezes you.
* * * LOW HITPOINT WARNING * * *
Pikel stings you!
* * * LOW HITPOINT WARNING * * *
Pikel closely misses you. Pikel stings you but does no damage.
You take 25 damage, and have 1/73 hp.
MASSIVE DAMAGE!!
Here: Pikel the meliai, wielding a whip of freezing (moderately wounded)
An animal skin.
There is something else lying underneath.
The floor.
Aim: Pikel the meliai, wielding a whip of freezing (moderately wounded, chance to defeat MR: 46%) Pikel resists with some effort.
Evoking this partially-identified wand wasted a few charges.
Pikel completely misses you. You furiously retaliate!
You headbutt Pikel. Pikel stings you but does no damage.
Pikel calls down the wrath of its god upon you.
Something smites you!
You die...

####### #......
##.......##
#.........#
#.........##
#..........#####.
#...............? .
#.........#####....
#..........@yap5...
#.........####p....
... #.........# ###
.. #... #.........#
# #. ....
#.........# .. #
#.. #...
##.......## .# .#
#..#.#. ##.....##
.#..# #.#.#.
###....###.#..## .
#...#.
#.............
...##..#≈


You could see 2 slaves, Pikel the meliai, a worker ant and a shadow imp.

Vanquished Creatures
  Grinder (D:6)
  The ghost of Heskey the Skirmisher, an amateur GrFi of Makhleb (D:4)
  Edmund (D:6)
  An ice beast (D:3)
  A slave (D:6)
  An ogre (D:5)
  A centaur (D:4)
  A giant frog (D:4)
  2 scorpions
  The ghost of murphy the Cutter, a weakling DsCK of Xom (D:3)
  2 howler monkeys (D:4)
  An electric eel (D:6)
  A crimson imp (D:5)
  A jelly (D:5)
  2 hounds
  2 orc wizards
  2 giant frog skeletons
  An orc priest (D:3)
  A gnoll shaman (D:4)
  Jessica (D:3)
  7 worker ants
  9 adders
  An ooze (D:3)
  4 worms
  9 dart slugs
  3 giant geckos
  10 orcs
  A ball python (D:4)
  9 giant cockroaches
  8 goblins
  10 hobgoblins
  6 jackals
  8 kobolds
  3 quokkas
  15 bats
  7 giant newts
  A quokka skeleton (D:6)
  28 rats
164 creatures vanquished.

Notes
Turn   | Place    | Note
--------------------------------------------------------------
     0 | D:1      | esc the Minotaur Gladiator began the quest for the Orb.
     0 | D:1      | Reached XP level 1. HP: 18/18 MP: 0/0
   157 | D:1      | Reached XP level 2. HP: 20/25 MP: 1/1
   460 | D:1      | Reached skill level 1 in Armour
   483 | D:1      | Reached skill level 4 in Long Blades
   555 | D:1      | Reached skill level 3 in Fighting
   609 | D:1      | Reached XP level 3. HP: 30/31 MP: 2/2
   782 | D:2      | Reached skill level 2 in Armour
   786 | D:2      | HP: 7/31 [quokka (3)]
   809 | D:2      | HP: 7/31 [rat (2)]
   825 | D:2      | Reached XP level 4. HP: 11/38 MP: 3/3
  1210 | D:2      | Found a radiant altar of Vehumet.
  1651 | D:2      | Found a white marble altar of Elyvilon.
  1651 | D:2      | Found a sacrificial altar of Ru.
  1655 | D:2      | Became a worshipper of Elyvilon the Healer
  1903 | D:3      | Reached skill level 4 in Fighting
  1965 | D:3      | Noticed murphy's ghost (weakling DsCK)
  1965 | D:3      | Reached skill level 4 in Dodging
  1965 | D:3      | Reached XP level 5. HP: 43/46 MP: 4/4
  1976 | D:3      | Killed murphy's ghost
  1976 | D:3      | Reached skill level 3 in Armour
  2193 | D:3      | Found an iron altar of Okawaru.
  2198 | D:3      | Found a snail-covered altar of Cheibriados.
  2198 | D:3      | Found a shadowy altar of Dithmenos.
  2351 | D:3      | Noticed Jessica
  2363 | D:3      | Killed Jessica
  2363 | D:3      | Reached XP level 6. HP: 53/53 MP: 5/5
  2370 | D:3      | Found a deep blue altar of Sif Muna.
  2469 | D:3      | HP: 9/53 [orc priest/divine providence (11)]
  2470 | D:3      | Reached skill level 5 in Long Blades
  2561 | D:3      | Noticed an ice beast
  2568 | D:3      | Killed an ice beast
  2568 | D:3      | Reached skill level 5 in Fighting
  2568 | D:3      | Reached skill level 4 in Armour
  2610 | D:4      | Reached * piety under Elyvilon
  2643 | D:4      | Found a staircase to the Ecumenical Temple.
  2674 | D:4      | Reached skill level 5 in Dodging
  2712 | D:4      | Noticed Heskey's ghost (amateur GrFi)
  2955 | D:4      | Got a heavy robe
  2966 | D:4      | Identified the cursed +1 robe of Xeky {rPois Str+4} (You found it on level 4 of the Dungeon)
  2996 | D:4      | Reached XP level 7. HP: 57/61 MP: 6/6
  3071 | D:4      | Reached skill level 5 in Armour
  3149 | D:4      | HP: 15/62 [Heskey's ghost (9)]
  3150 | D:4      | HP: 6/62 [Heskey's ghost (3)]
  3151 | D:4      | HP: 1/62 [Heskey's ghost (2)]
  3157 | D:4      | Killed Heskey's ghost
  3157 | D:4      | Reached skill level 6 in Fighting
  3157 | D:4      | Reached skill level 6 in Long Blades
  3557 | D:5      | Entered Level 5 of the Dungeon
  3621 | D:5      | Reached XP level 8. HP: 69/70 MP: 7/7
  3662 | D:5      | Found a shattered altar of Ashenzari.
  3704 | D:5      | Reached ** piety under Elyvilon
  4080 | D:5      | Reached skill level 6 in Armour
  4080 | D:5      | Reached skill level 6 in Dodging
  4089 | D:5      | HP: 17/71 [acid (5)]
  4198 | D:5      | Found an ancient bone altar of Kikubaaqudgha.
  4544 | D:6      | Noticed Edmund
  4566 | D:6      | Killed Edmund
  4566 | D:6      | Reached skill level 7 in Long Blades
  4577 | D:6      | Noticed Grinder
  4590 | D:6      | Killed Grinder
  4590 | D:6      | Reached skill level 7 in Fighting
  4590 | D:6      | Reached skill level 1 in Invocations
  4675 | D:6      | Noticed Pikel
  4677 | D:6      | Noticed Pikel
  4677 | D:6      | Pikel changed into Pikel the meliai
  4687 | D:6      | HP: 15/73 [Pikel the meliai/whip of freezing (11)]
  4687 | D:6      | HP: 1/73 [Pikel the meliai/whip of freezing (8)]
  4688 | D:6      | Killed from afar by Pikel the meliai

Vault maps used:
D:1:      matt_arrival_grand_opening
D:2:      vehumet_crystals, gammafunk_temple_overflow_wave, first_bread,
          minmay_rat_hole
D:3:      grunt_temple_overflow_open, grunt_ministairs_6, kennysheep_doodads,
          tgw_sif
D:4:      minmay_temple_entry_mist, hangedman_minor_gate_pass
D:5:      old_standard_altar, kennysheep_little_box
D:6:      kennysheep_slugbush, tso_oasis_becter, uniq_blork_the_orc, uniq_pikel,
          uniq_edmund, uniq_grinder

Skill      XL: |  1  2  3  4  5  6  7  8 |
---------------+-------------------------+-----
Armour         | 1 2 3 4 5 6 |  6.7
Long Blades    | 4 5 6 7 |  7.3
Fighting       | 3 4 5 6 7 |  7.2
Dodging        | 4 5 6 |  6.7
Invocations    | 1 |  1.7
Throwing       | |  2.0

Action                   |  1- 3 |  4- 6 |  7- 9 || total
-------------------------+-------+-------+-------++-------
Melee: Long sword        |    93 |   142 |   148 ||   383
       Headbutt          |    13 |    21 |    37 ||    71
 Fire: Blowgun           |       |     1 |     6 ||     7
Invok: Lesser Healing    |       |       |     3 ||     3
Evoke: Wand              |       |       |     2 ||     2
  Use: Scroll            |     1 |     6 |     7 ||    14
       Potion            |       |     2 |     4 ||     6
 Stab: Sleeping          |       |     2 |       ||     2
  Eat: Chunk             |       |     8 |     6 ||    14
Armor: Leather armour    |    20 |    39 |       ||    59
       Robe              |       |       |    29 ||    29
Dodge: Dodged            |    68 |   119 |   107 ||   294

Vault maps used:
D:1:      matt_arrival_grand_opening
D:2:      vehumet_crystals, gammafunk_temple_overflow_wave, first_bread,
          minmay_rat_hole
D:3:      grunt_temple_overflow_open, grunt_ministairs_6, kennysheep_doodads,
          tgw_sif
D:4:      minmay_temple_entry_mist, hangedman_minor_gate_pass
D:5:      old_standard_altar, kennysheep_little_box
D:6:      kennysheep_slugbush, tso_oasis_becter, uniq_blork_the_orc, uniq_pikel,
          uniq_edmund, uniq_grinder

Table legend:
 A = Turns spent in this place as a percentage of turns spent in the entire game.
 B = Non-inter-level travel turns spent in this place as a percentage of non-inter-level travel turns spent in the entire game.
 C = Inter-level travel turns spent in this place as a percentage of turns spent in this place.
 D = Turns resting spent in this place as a percentage of non-inter-level travel turns spent in this place.
 E = Turns spent auto-exploring this place as a percentage of non-inter-level travel turns spent in this place.
 F = Non-inter-level travel turns spent in this place divided by the number of levels of this place that you've seen.
                   A       B       C       D       E      F
               +-------+-------+-------+-------+-------+----------------------
         Total | 100.0 | 100.0 |   0.4 |   1.7 |  10.0 | 258.3
       Dungeon | 100.0 | 100.0 |   0.4 |   1.7 |  10.0 | 258.3
               +-------+-------+-------+-------+-------+----------------------

Table legend:
 A = Kills in this place as a percentage of kills in entire the game.
 B = Kills by you in this place as a percentage of kills by you in the entire game.
 C = Kills by friends in this place as a percentage of kills by friends in the entire game.
 D = Other kills in this place as a percentage of other kills in the entire game.
 E = Experience gained in this place as a percentage of experience gained in the entire game.
 F = Experience gained in this place divided by the number of levels of this place that you have seen.
                   A       B       C       D       E      F
               +-------+-------+-------+-------+-------+----------------------
         Total | 100.0 | 100.0 |  -nan |  -nan | 100.0 | 415.2
       Dungeon | 100.0 | 100.0 |  -nan |  -nan | 100.0 | 415.2
               +-------+-------+-------+-------+-------+----------------------
